 Dungeon Crawl Stone Soup version 0.17-a0-737-gf0a300a (webtiles) character file.

8618 Enno the Cleaver (level 11, -3/97 HPs)
             Began as a Hill Orc Berserker on Apr 27, 2015.
             Was a High Priest of Trog.
             Slain by an orc knight
             ... wielding a +0 long sword
              (11 damage)
             ... on level 9 of the Dungeon.
             The game lasted 02:24:41 (13572 turns).

Enno the Cleaver (Hill Orc Berserker)              Turns: 13572, Time: 02:24:42

Health: -3/97      AC: 17    Str: 23    XL:     11   Next: 33%
Magic:  20/20      EV:  7    Int:  7    God:    Trog [*****.]
Gold:   623        SH: 11    Dex: 11    Spells: 0 memorised, 10 levels left

rFire  . . .     SeeInvis .     o - +3 war axe
rCold  . . .     Clarity  .     k - +0 plate armour
rNeg   . . .     SustAb   +     x - +1 shield
rPois  .         Gourm    .     c - +1 helmet
rElec  .         Spirit   .     (no cloak)
rCorr  +         Warding  .     (no gloves)
rMut   .         Stasis   .     H - +0 pair of boots
MR     .....                    y - amulet of resist corrosion
Stlth  ..........               r - ring of magical power
                                g - ring of sustain abilities

@: not resistant to hostile enchantments, extremely unstealthy
A: no striking features
a: Burn Spellbooks, Berserk, Trog's Hand, Brothers in Arms, Renounce Religion


You were on level 9 of the Dungeon.
You worshipped Trog.
Trog was extremely pleased with you.
You were hungry.

You visited 2 branches of the dungeon, and saw 10 of its levels.
You also visited: Sewer.

You collected 623 gold pieces.

Inventory:

Hand weapons
 b - a +1 hunting sling
 o - a +3 war axe (weapon)
Missiles
 e - 8 tomahawks
 m - 5 exploding sling bullets
 u - 60 sling bullets
 M - 8 javelins of penetration (quivered)
Armour
 c - a +1 helmet (worn)
 k - a +0 plate armour (worn)
 x - a +1 shield (worn)
 H - a +0 pair of boots (worn)
Jewellery
 g - a ring of sustain abilities (left hand)
 i - an uncursed ring of sustain abilities
 r - a ring of magical power (right hand)
 y - an amulet of resist corrosion (around neck)
 C - an uncursed ring of protection from fire
 S - an uncursed amulet of resist mutation
Magical devices
 h - a wand of disintegration (0)
 I - a wand of magic darts (36)
Scrolls
 f - a scroll of fog
 p - 4 scrolls of teleportation
Potions
 d - a potion of haste
 N - 2 potions of restore abilities
 P - a potion of flight
Comestibles
 a - a royal jelly
 B - 8 fruits


   Skills:
 + Level 9.0 Fighting
 + Level 11.0 Axes
 + Level 2.0(3.3) Slings
 + Level 4.6(4.9) Throwing
 + Level 9.0 Armour
 + Level 6.3 Dodging
 + Level 2.2 Stealth
 + Level 6.5 Shields


You had 10 spell levels left.
You didn't know any spells.

Dungeon Overview and Level Annotations

Branches:
Dungeon (9/15)             Temple (1/1) D:5            Lair (0/8) D:9
    Orc: D:9-12

Altars:
Ashenzari
Cheibriados
Dithmenos
Elyvilon
Fedhas
Gozag
Kikubaaqudgha
Makhleb
Nemelex Xobeh
Okawaru
Qazlal
Ru
Sif Muna
Trog
Vehumet
Xom
Yredelemnul
Zin
The Shining One


Message History

You block the orc knight's attack.
You closely miss the orc knight.
The orc knight is heavily wounded.
The orc knight hits you with a long sword!
* * * LOW HITPOINT WARNING * * *
You slash the orc knight!
The orc knight is heavily wounded.
You block the orc knight's attack.
You closely miss the orc knight.
The orc knight is heavily wounded.
The orc knight hits you with a long sword!
* * * LOW HITPOINT WARNING * * *
You slash the orc knight!
The orc knight is severely wounded.
The orc knight hits you with a long sword!
* * * LOW HITPOINT WARNING * * *
You closely miss the orc knight.
The orc knight is severely wounded.
The orc knight hits you with a long sword!
You die...

#......)..#.....#................
#.....P...#.....#...(.)..).......
#.........##'##'#...)..>.........
###P...............[.............
###................[)............
.......†.........).......)..)....
≈≈≈≈≈≈≈≈≈≈≈≈≈≈....≈≈≈≈≈≈≈≈)≈≈≈≈≈≈
≈≈≈≈≈≈≈≈≈≈≈≈≈≈....≈≈≈≈≈≈≈≈≈≈≈≈≈≈≈
##≈≈≈≈≈≈≈≈≈≈≈≈..@.≈≈≈≈≈≈≈≈≈≈≈≈###
.#..............o.............#oo
.#############''''#############..
'# #....# #'# .. #....# ..# .
'....' .# ######## # # #


You could see an orc knight.

Vanquished Creatures
  The ghost of Marien the Cleaver, an experienced HuFi of Cheibriados (D:7)
  An orc sorcerer (D:9)
  An orc knight (D:9)
  2 komodo dragons (D:9)
  A troll (D:9)
  A two-headed ogre (D:9)
  Sigmund (D:3)
  A wyvern (D:8)
  Eustachio (D:4)
  A mottled dragon (D:9)
  2 water moccasins
  12 wargs (D:9)
  6 orc warriors (D:9)
  An ice beast (D:8)
  3 sky beasts
  A black bear (D:8)
  3 ogres
  2 phantoms
  6 centaurs
  A crocodile (D:9)
  2 big kobolds
  5 giant frogs
  3 scorpions
  3 wights (D:9)
  6 killer bees (D:8)
  A jelly (D:5)
  A hound (D:3)
  2 giant frog skeletons
  4 orc priests
  A quasit (D:8)
  6 iguanas
  6 worker ants
  8 orc wizards
  2 hound skeletons
  A worker ant zombie (D:8)
  4 adders
  8 gnolls
  A river rat (D:3)
  A shadow imp (D:4)
  An ooze (D:3)
  2 ufetubi (D:4)
  A white imp (D:4)
  An adder zombie (D:6)
  50 orcs
  6 giant cockroaches
  11 goblins
  11 hobgoblins
  11 jackals
  24 kobolds
  4 ball pythons
  15 bats
  8 giant geckos
  A giant gecko skeleton (D:4)
  8 giant newts
  A jackal skeleton (D:7)
  5 quokkas
  A quokka skeleton (D:5)
  25 rats
  48 ballistomycetes (D:9)
347 creatures vanquished.

Vanquished Creatures (others)
  An orc priest (D:9)
  An orc (D:9)
  17 giant spores (D:9)
  3 ballistomycetes (D:9)
22 creatures vanquished.

Grand Total: 369 creatures vanquished

Notes
Turn   | Place    | Note
--------------------------------------------------------------
     0 | D:1      | Enno, the Hill Orc Berserker, began the quest for the Orb.
     0 | D:1      | Reached XP level 1. HP: 19/19 MP: 1/1
     6 | D:1      | Noticed a lindwurm
     6 | D:1      | Noticed a fire drake
     6 | D:1      | Noticed a black mamba
   141 | D:1      | Reached XP level 2. HP: 12/27 MP: 2/2
   842 | D:1      | Reached XP level 3. HP: 30/33 MP: 3/3
  1174 | D:2      | Acquired Trog's second power
  1426 | D:2      | Found a glowing golden altar of the Shining One.
  1427 | D:2      | Found a burning altar of Makhleb.
  1856 | D:3      | Reached XP level 4. HP: 38/40 MP: 4/4
  1870 | D:3      | Noticed Sigmund
  1881 | D:3      | Killed Sigmund
  1881 | D:3      | Reached skill level 5 in Axes
  1881 | D:3      | Reached XP level 5. HP: 47/47 MP: 5/5
  2053 | D:3      | Found a glowing drain.
  2058 | D:3      | Reached skill level 5 in Fighting
  2058 | D:3      | Reached XP level 6. HP: 53/56 MP: 6/6
  2079 | Sewer    | Entered a sewer
  2276 | Sewer    | Found a white marble altar of Elyvilon.
  2560 | D:3      | Found a sacrificial altar of Ru.
  3290 | D:4      | Reached XP level 7. HP: 57/61 MP: 7/7
  3297 | D:4      | Reached skill level 6 in Axes
  3339 | D:4      | Found a bloodstained altar of Trog.
  3567 | D:4      | Reached skill level 1 in Throwing
  3602 | D:4      | Noticed Eustachio
  3639 | D:4      | Reached skill level 1 in Shields
  3651 | D:4      | Killed Eustachio
  4339 | D:5      | Entered Level 5 of the Dungeon
  4381 | D:5      | Acquired Trog's third power
  4407 | D:5      | Reached skill level 5 in Armour
  4408 | D:5      | Reached skill level 1 in Stealth
  4408 | D:5      | Reached XP level 8. HP: 70/70 MP: 8/8
  4812 | D:5      | Found a staircase to the Ecumenical Temple.
  5266 | Temple   | Entered the Ecumenical Temple
  5692 | D:6      | Found a stormy altar of Qazlal.
  5705 | D:6      | Reached skill level 7 in Axes
  6096 | D:6      | Found a deep blue altar of Sif Muna.
  6874 | D:6      | Found a sacrificial altar of Ru.
  7133 | D:7      | Found a shattered altar of Ashenzari.
  7133 | D:7      | Found a snail-covered altar of Cheibriados.
  7133 | D:7      | Found an opulent altar of Gozag.
  7235 | D:7      | Reached XP level 9. HP: 78/78 MP: 9/9
  7269 | D:7      | Reached skill level 1 in Slings
  7270 | D:7      | Noticed Marien's ghost (experienced HuFi)
  7286 | D:7      | Killed Marien's ghost
  7286 | D:7      | Reached skill level 8 in Axes
  7353 | D:7      | Reached skill level 5 in Dodging
  8185 | D:8      | Reached skill level 9 in Axes
  8196 | D:8      | Reached XP level 10. HP: 43/86 MP: 10/10
  9262 | D:9      | Received a gift from Trog
  9355 | D:9      | Reached skill level 5 in Shields
  9823 | D:9      | Noticed an orc sorcerer
  9843 | D:9      | Killed an orc sorcerer
  9843 | D:9      | Received a gift from Trog
 10292 | D:9      | Noticed an orc knight
 10298 | D:9      | Noticed an orc knight
 10415 | D:9      | Reached skill level 10 in Axes
 10434 | D:9      | Received a gift from Trog
 11573 | D:9      | Reached XP level 11. HP: 32/95 MP: 11/11
 12192 | D:9      | HP: 4/95 [burnt (5)]
 12603 | D:9      | Found a staircase to the Lair.
 13168 | D:9      | Killed an orc knight
 13168 | D:9      | Reached skill level 11 in Axes
 13547 | D:9      | Noticed an orc knight
 13572 | D:9      | Slain by an orc knight

Action                   |  1- 3 |  4- 6 |  7- 9 | 10-12 || total
-------------------------+-------+-------+-------+-------++-------
Melee: Hand axe          |   127 |   147 |   447 |   447 ||  1168
       War axe           |       |       |       |   192 ||   192
 Fire: Hunting sling     |       |     2 |    16 |     3 ||    21
Throw: Javelin           |       |    18 |    50 |    40 ||   108
       Throwing net      |       |       |     3 |     5 ||     8
Invok: Berserk           |     1 |     2 |     4 |     5 ||    12
       Trog's Hand       |       |       |     1 |       ||     1
  Use: Scroll            |     8 |       |     2 |    11 ||    21
       Potion            |       |       |     5 |     8 ||    13
 Stab: Invisible         |       |       |     2 |       ||     2
       Held in net/web   |       |       |     1 |       ||     1
  Eat: Bread ration      |     1 |       |     2 |     2 ||     5
       Chunk             |       |     4 |    10 |     3 ||    17
       Fruit             |       |     3 |       |     1 ||     4
       Meat ration       |       |       |       |     2 ||     2
       Beef jerky        |       |       |       |     1 ||     1
